| TOP OF THE 1ST |
|
Reading Phillies batting - Pitching for Lynn Sailors : RHP Joe Whitmer
|
|
Pitching: RHP Joe Whitmer
|
|
|
Batting: LHB George Johnson
|
0-0: Foul Ball, location: 2F 0-1: Fly out, F7 (Line Drive, 7, EV 100.0 MPH)
|
|
Batting: LHB Alex Mata
|
0-0: Fly out, F7 (Line Drive, 7, EV 103.1 MPH)
|
|
Batting: LHB Paul Hertzler
|
0-0: Ground out 4-3 (Groundball, 4D, EV 86.3 MPH)
|
| Top of the 1st over - 0 runs, 0 hits, 0 errors, 0 left on base; Reading 0 - Lynn 0 |
| BOTTOM OF THE 1ST |
|
Lynn Sailors batting - Pitching for Reading Phillies : LHP John Cerutti
|
|
Pitching: LHP John Cerutti
|
|
|
Batting: RHB Ron Wotus
|
0-0: Swinging Strike 0-1: Called Strike 0-2: Fly out, F8 (Flyball, 89XD, EV 96.9 MPH)
|
|
Batting: RHB Jorge Hinojosa
|
0-0: Called Strike 0-1: Ball 1-1: Swinging Strike 1-2: Strikes out swinging
|
|
Batting: RHB Mike Rubel
|
0-0: Swinging Strike 0-1: Ball 1-1: Swinging Strike 1-2: Strikes out looking
|
| Bottom of the 1st over - 0 runs, 0 hits, 0 errors, 0 left on base; Reading 0 - Lynn 0 |
| TOP OF THE 2ND |
|
Reading Phillies batting - Pitching for Lynn Sailors : RHP Joe Whitmer
|
|
Batting: RHB Paul Wirkus
|
0-0: Called Strike 0-1: Foul Ball, location: 2F 0-2: Fly out, F8 (Flyball, 8RD, EV 88.1 MPH)
|
|
Batting: LHB Pedro Rabassa
|
0-0: Ball 1-0: Ball 2-0: Ball 3-0: Called Strike 3-1: Base on Balls
|
|
Batting: LHB Martino Martin
|
0-0: Ball 1-0: SINGLE (Line Drive, 8RS, EV 99.4 MPH) Pedro Rabassa to second
|
|
Batting: SHB Doug Baker
|
0-0: Ball 1-0: Called Strike Pedro Rabassa steals 3rd base 1-1: Foul Ball, location: 2F 1-2: Fly out, F8 (Flyball, 8RD, EV 101.3 MPH) Runner from 3rd tags up, SCORES, throw by CF
|
|
Batting: RHB Mark Sproesser
|
0-0: Foul Ball, location: 2F 0-1: Called Strike 0-2: Fly out, F7 (Flyball, 7S, EV 82.5 MPH)
|
| Top of the 2nd over - 1 run, 1 hit, 0 errors, 1 left on base; Reading 1 - Lynn 0 |
| BOTTOM OF THE 2ND |
|
Lynn Sailors batting - Pitching for Reading Phillies : LHP John Cerutti
|
|
Batting: RHB Mike Reddish
|
0-0: Called Strike 0-1: Called Strike 0-2: Foul Ball, location: 2F 0-2: Foul Ball, location: 2F 0-2: Ball 1-2: Ball 2-2: Ground out 6-3 (Groundball, 6, EV 101.9 MPH)
|
|
Batting: RHB Ted Trevino
|
0-0: Foul Ball, location: 2F 0-1: Ball 1-1: Ground out 4-3 (Groundball, 4S, EV 85.0 MPH)
|
|
Batting: RHB Lee Wenzel
|
0-0: Called Strike 0-1: Ball 1-1: Ball 2-1: Foul Ball, location: 2F 2-2: Strikes out swinging
|
| Bottom of the 2nd over - 0 runs, 0 hits, 0 errors, 0 left on base; Reading 1 - Lynn 0 |
| TOP OF THE 3RD |
|
Reading Phillies batting - Pitching for Lynn Sailors : RHP Joe Whitmer
|
|
Batting: RHB Vincent Martelli
|
0-0: Ball 1-0: DOUBLE (Line Drive, 7LS, EV 101.9 MPH)
|
|
Batting: LHB George Johnson
|
0-0: Ball 1-0: Swinging Strike 1-1: Called Strike 1-2: Strikes out looking
|
|
Batting: LHB Alex Mata
|
0-0: Swinging Strike 0-1: Foul Ball, location: 2F 0-2: Ball 1-2: Ground out 3-1 (Groundball, 34, EV 98.1 MPH) Vincent Martelli to third
|
|
Batting: LHB Paul Hertzler
|
0-0: Called Strike 0-1: Foul Ball, location: 2F 0-2: Ball 1-2: Ground out 5-3 (Groundball, 15, EV 88.8 MPH)
|
| Top of the 3rd over - 0 runs, 1 hit, 0 errors, 1 left on base; Reading 1 - Lynn 0 |
| BOTTOM OF THE 3RD |
|
Lynn Sailors batting - Pitching for Reading Phillies : LHP John Cerutti
|
|
Batting: RHB Vinny Jaramillo
|
0-0: Ground out 4-3 (Groundball, 4, EV 85.0 MPH)
|
|
Batting: SHB Danny Gans
|
0-0: Called Strike 0-1: Ball 1-1: Ball 2-1: Foul Ball, location: 2F 2-2: Foul Ball, location: 2F 2-2: Foul Ball, location: 2F 2-2: Ball 3-2: Fly out, F9 (Flyball, 9, EV 83.8 MPH)
|
|
Batting: RHB Carmelo Castillo
|
0-0: Ball 1-0: Ball 2-0: Reached on error, E5 (Groundball, 56, EV 91.3 MPH)
|
|
Batting: RHB Ron Wotus
|
0-0: Fly out, F7 (Flyball, 78S, EV 90.6 MPH)
|
| Bottom of the 3rd over - 0 runs, 0 hits, 1 error, 1 left on base; Reading 1 - Lynn 0 |
| TOP OF THE 4TH |
|
Reading Phillies batting - Pitching for Lynn Sailors : RHP Joe Whitmer
|
|
Batting: RHB Paul Wirkus
|
0-0: Called Strike 0-1: Ball 1-1: DOUBLE (Groundball, 5L, EV 102.5 MPH)
|
|
Batting: LHB Pedro Rabassa
|
0-0: Ball 1-0: Fly out, F7 (Flyball, 7LD, EV 92.5 MPH)
|
|
Batting: LHB Martino Martin
|
0-0: Called Strike 0-1: Ball 1-1: Swinging Strike 1-2: Strikes out looking
|
|
Batting: SHB Doug Baker
|
0-0: Ground out 4-3 (Groundball, 4, EV 105.0 MPH)
|
| Top of the 4th over - 0 runs, 1 hit, 0 errors, 1 left on base; Reading 1 - Lynn 0 |
| BOTTOM OF THE 4TH |
|
Lynn Sailors batting - Pitching for Reading Phillies : LHP John Cerutti
|
|
Batting: RHB Jorge Hinojosa
|
0-0: SINGLE (Groundball, 4M, EV 108.1 MPH) (infield hit)
|
|
Batting: RHB Mike Rubel
|
0-0: Ball 1-0: Ball 2-0: Ball 3-0: Base on Balls Jorge Hinojosa to second
|
|
Batting: RHB Mike Reddish
|
0-0: Ball 1-0: Ball 2-0: Ball 3-0: Called Strike 3-1: SINGLE (Groundball, 34D, EV 102.5 MPH) Jorge Hinojosa to third Mike Rubel to second Runner from 3rd tries for Home, SAFE, throw by RF to home
|
|
Batting: RHB Ted Trevino
|
0-0: Fly out, F8 (Flyball, 78D, EV 93.8 MPH)
|
|
Batting: RHB Lee Wenzel
|
0-0: Ground out 4-3 (Groundball, 4S, EV 90.0 MPH) Mike Rubel to third Mike Reddish to second
|
|
Batting: RHB Vinny Jaramillo
|
0-0: Swinging Strike 0-1: Ball 1-1: Ground out 6-3 (Groundball, 6, EV 103.8 MPH)
|
| Bottom of the 4th over - 1 run, 2 hits, 0 errors, 2 left on base; Reading 1 - Lynn 1 |
| TOP OF THE 5TH |
|
Reading Phillies batting - Pitching for Lynn Sailors : RHP Joe Whitmer
|
|
Batting: RHB Mark Sproesser
|
0-0: Ground out 4-3 (Groundball, 34, EV 85.6 MPH)
|
|
Batting: RHB Vincent Martelli
|
0-0: Called Strike 0-1: Foul Ball, location: 2F 0-2: Ball 1-2: Ball 2-2: Fly out, F8 (Flyball, 8LXD, EV 106.9 MPH)
|
|
Batting: LHB George Johnson
|
0-0: Called Strike 0-1: Ground out 4-3 (Groundball, 4, EV 83.8 MPH)
|
| Top of the 5th over - 0 runs, 0 hits, 0 errors, 0 left on base; Reading 1 - Lynn 1 |
| BOTTOM OF THE 5TH |
|
Lynn Sailors batting - Pitching for Reading Phillies : LHP John Cerutti
|
|
Batting: SHB Danny Gans
|
0-0: Called Strike 0-1: Ball 1-1: Foul Ball, location: 2F 1-2: Ball 2-2: Strikes out swinging
|
|
Batting: RHB Carmelo Castillo
|
0-0: Fly out, F9 (Flyball, 89M, EV 97.5 MPH)
|
|
Batting: RHB Ron Wotus
|
0-0: Foul Ball, location: 2F 0-1: Ball 1-1: Fly out, F9 (Flyball, 9, EV 96.9 MPH)
|
| Bottom of the 5th over - 0 runs, 0 hits, 0 errors, 0 left on base; Reading 1 - Lynn 1 |
| TOP OF THE 6TH |
|
Reading Phillies batting - Pitching for Lynn Sailors : RHP Joe Whitmer
|
|
Batting: LHB Alex Mata
|
0-0: Ball 1-0: Ball 2-0: Ball 3-0: Base on Balls
|
|
Batting: LHB Paul Hertzler
|
0-0: Ball 1-0: Called Strike 1-1: Ball 2-1: Ball 3-1: Called Strike 3-2: Fly out, F9 (Flyball, 89M, EV 87.5 MPH)
|
|
Batting: RHB Paul Wirkus
|
0-0: Called Strike Alex Mata is caught stealing 2nd base 2-4 0-1: Foul Ball, location: 2F 0-2: Ball 1-2: Ball 2-2: Ball 3-2: Fly out, F3 (Line Drive, 3, EV 69.4 MPH)
|
| Top of the 6th over - 0 runs, 0 hits, 0 errors, 0 left on base; Reading 1 - Lynn 1 |
| BOTTOM OF THE 6TH |
|
Lynn Sailors batting - Pitching for Reading Phillies : LHP John Cerutti
|
|
Batting: RHB Jorge Hinojosa
|
0-0: Ball 1-0: Ball 2-0: Ground out 6-3 (Groundball, 6, EV 106.3 MPH)
|
|
Batting: RHB Mike Rubel
|
0-0: Foul Ball, location: 2F 0-1: Called Strike 0-2: Ball 1-2: Ball 2-2: Ball 3-2: Fly out, F7 (Flyball, 78S, EV 84.4 MPH)
|
|
Batting: RHB Mike Reddish
|
0-0: Ball 1-0: Ball 2-0: Ball 3-0: Base on Balls
|
|
Batting: RHB Ted Trevino
|
0-0: Reached on error, E2 (Groundball, 13S, EV 71.3 MPH) Mike Reddish to second
|
|
Batting: RHB Lee Wenzel
|
0-0: Ball 1-0: Swinging Strike 1-1: 3-RUN HOME RUN (Flyball, 7D, EV 97.5 MPH), Distance : 375 ft
|
|
Batting: RHB Vinny Jaramillo
|
0-0: SINGLE (Line Drive, 34, EV 103.1 MPH)
|
|
Batting: SHB Danny Gans
|
0-0: Ball 1-0: Fly out, F6 (Popup, P, EV 89.4 MPH)
|
| Bottom of the 6th over - 3 runs, 2 hits, 1 error, 1 left on base; Reading 1 - Lynn 4 |
| TOP OF THE 7TH |
|
Reading Phillies batting - Pitching for Lynn Sailors : RHP Joe Whitmer
|
|
Batting: LHB Pedro Rabassa
|
0-0: Called Strike 0-1: Foul Ball, location: 2F 0-2: Foul Ball, location: 2F 0-2: Ground out 3-1 (Groundball, 34S, EV 83.8 MPH)
|
|
Batting: LHB Martino Martin
|
0-0: DOUBLE (Flyball, 89D, EV 106.9 MPH)
|
|
Batting: SHB Doug Baker
|
0-0: Ball 1-0: 2-RUN HOME RUN (Flyball, 9D, EV 114.4 MPH), Distance : 401 ft
|
|
Batting: RHB Mark Sproesser
|
0-0: Ground out 4-3 (Groundball, 4, EV 78.8 MPH)
|
|
Batting: RHB Vincent Martelli
|
0-0: Foul Ball, location: 2F 0-1: Called Strike 0-2: Ball 1-2: SOLO HOME RUN (Flyball, 8RXD, EV 101.9 MPH), Distance : 434 ft
|
|
Batting: LHB George Johnson
|
0-0: Called Strike 0-1: Foul Ball, location: 2F 0-2: Ground out 3-1 (Groundball, 34, EV 100.0 MPH)
|
| Top of the 7th over - 3 runs, 3 hits, 0 errors, 0 left on base; Reading 4 - Lynn 4 |
| BOTTOM OF THE 7TH |
|
Lynn Sailors batting - Pitching for Reading Phillies : LHP John Cerutti
|
|
Batting: RHB Carmelo Castillo
|
0-0: Called Strike 0-1: Ball 1-1: SINGLE (Flyball, 89S, EV 90.6 MPH)
|
|
Batting: RHB Ron Wotus
|
0-0: Ground out 5-3 (Groundball, 5S, EV 74.4 MPH) Carmelo Castillo to second
|
|
Batting: RHB Jorge Hinojosa
|
0-0: Fly out, F9 (Flyball, 89D, EV 96.9 MPH)
|
|
Batting: RHB Mike Rubel
|
0-0: Intentional Walk
|
|
Batting: RHB Mike Reddish
|
0-0: Ball Wild Pitch! Carmelo Castillo to third Mike Rubel to second 1-0: Swinging Strike 1-1: Ball 2-1: Called Strike 2-2: Ground out 5-3 (Groundball, 5, EV 83.8 MPH)
|
| Bottom of the 7th over - 0 runs, 1 hit, 0 errors, 2 left on base; Reading 4 - Lynn 4 |
| TOP OF THE 8TH |
|
Reading Phillies batting - Pitching for Lynn Sailors : RHP Joe Whitmer
|
|
Batting: LHB Alex Mata
|
0-0: Ground out 4-3 (Groundball, 4, EV 89.4 MPH)
|
|
Batting: LHB Paul Hertzler
|
0-0: Ball 1-0: Ball 2-0: Foul Ball, location: 2F 2-1: Foul Ball, location: 2F 2-2: Strikes out looking
|
|
Batting: RHB Paul Wirkus
|
0-0: Foul Ball, location: 2F 0-1: SINGLE (Line Drive, 78S, EV 105.6 MPH)
|
|
Batting: LHB Pedro Rabassa
|
0-0: Called Strike Paul Wirkus steals 2nd base 0-1: Called Strike 0-2: Fly out, F7 (Flyball, 7, EV 85.0 MPH)
|
| Top of the 8th over - 0 runs, 1 hit, 0 errors, 1 left on base; Reading 4 - Lynn 4 |
| BOTTOM OF THE 8TH |
|
Lynn Sailors batting - Pitching for Reading Phillies : LHP John Cerutti
|
|
Batting: RHB Ted Trevino
|
0-0: Called Strike 0-1: Swinging Strike 0-2: Strikes out swinging
|
|
Batting: RHB Lee Wenzel
|
0-0: Ball 1-0: Ground out 6-3 (Groundball, 6, EV 101.3 MPH)
|
|
Batting: RHB Vinny Jaramillo
|
0-0: Reached on error, E6 (Groundball, 6, EV 100.6 MPH)
|
|
Batting: SHB Danny Gans
|
0-0: Foul Ball, location: 2F 0-1: Ball 1-1: Ball 2-1: Foul Ball, location: 2F 2-2: Strikes out swinging
|
| Bottom of the 8th over - 0 runs, 0 hits, 1 error, 1 left on base; Reading 4 - Lynn 4 |
| TOP OF THE 9TH |
|
Reading Phillies batting - Pitching for Lynn Sailors : RHP Joe Whitmer
|
|
Pitching: RHP Jose Morales
|
|
|
Batting: LHB Martino Martin
|
0-0: Called Strike 0-1: Ball 1-1: Foul Ball, location: 2F 1-2: Ball 2-2: Foul Ball, location: 2F 2-2: Fly out, F8 (Flyball, 8RM, EV 90.6 MPH)
|
|
Pinch Hitting: LHB Jerald Hammermeister
|
0-0: Foul Ball, location: 2F 0-1: Called Strike 0-2: Ball 1-2: Strikes out swinging
|
|
Pinch Hitting: LHB Billy Weems
|
0-0: Ground out 6-3 (Groundball, 6, EV 87.5 MPH)
|
| Top of the 9th over - 0 runs, 0 hits, 0 errors, 0 left on base; Reading 4 - Lynn 4 |
| BOTTOM OF THE 9TH |
|
Lynn Sailors batting - Pitching for Reading Phillies : LHP John Cerutti
|
|
Now at 3B: Billy Weems
|
|
|
Now at SS: Daniel Davidsmeier
|
|
|
Pinch Hitting: RHB Ken Gerhart
|
0-0: Called Strike 0-1: Called Strike 0-2: Strikes out swinging
|
|
Batting: RHB Ron Wotus
|
0-0: Ball 1-0: Ground out U3 (Groundball, 34S, EV 81.3 MPH)
|
|
Batting: RHB Jorge Hinojosa
|
0-0: SINGLE (Groundball, 6S, EV 72.5 MPH) (infield hit)
|
|
Batting: RHB Mike Rubel
|
0-0: Called Strike 0-1: Foul Ball, location: 2F 0-2: Ball 1-2: Foul Ball, location: 2F 1-2: SINGLE (Line Drive, 4MD, EV 98.8 MPH) Jorge Hinojosa to second
|
|
Batting: RHB Mike Reddish
|
0-0: Foul Ball, location: 2F 0-1: Ball 1-1: Called Strike 1-2: Ball 2-2: Ground out 4-3 (Groundball, 4, EV 89.4 MPH)
|
| Bottom of the 9th over - 0 runs, 2 hits, 0 errors, 2 left on base; Reading 4 - Lynn 4 |
| TOP OF THE 10TH |
|
Reading Phillies batting - Pitching for Lynn Sailors : RHP Jose Morales
|
|
Now in CF: Ken Gerhart
|
|
|
Batting: RHB Vincent Martelli
|
0-0: Ball 1-0: Ball 2-0: Ball 3-0: Base on Balls
|
|
Batting: LHB George Johnson
|
0-0: Ball 1-0: Ball 2-0: Ball 3-0: Called Strike 3-1: Called Strike 3-2: Base on Balls Vincent Martelli to second
|
|
Pinch Runner at 2nd Gary Roenicke:
|
|
|
Batting: LHB Alex Mata
|
0-0: Bunted foul 0-1: Sac Bunt to 15 - play at first, batter OUT! 1-4 Gary Roenicke to third George Johnson to second
|
|
Batting: LHB Paul Hertzler
|
0-0: Intentional Walk
|
|
Batting: RHB Paul Wirkus
|
0-0: Called Strike 0-1: Ball 1-1: Ball 2-1: Swinging Strike 2-2: Ball 3-2: Strikes out swinging
|
|
Batting: LHB Pedro Rabassa
|
0-0: DOUBLE (Flyball, 89XD, EV 103.1 MPH) Gary Roenicke scores George Johnson scores Paul Hertzler to third Runner from 3rd tries for Home, SAFE, throw by RF to trailing runner, SAFE at third!
|
|
Batting: LHB Martino Martin
|
0-0: Intentional Walk
|
|
Batting: RHB Daniel Davidsmeier
|
0-0: Swinging Strike 0-1: Foul Ball, location: 2F 0-2: Foul Ball, location: 2F 0-2: Ball 1-2: Strikes out swinging
|
| Top of the 10th over - 3 runs, 1 hit, 0 errors, 2 left on base; Reading 7 - Lynn 4 |
| BOTTOM OF THE 10TH |
|
Lynn Sailors batting - Pitching for Reading Phillies : LHP John Cerutti
|
|
Now at C: Greg Dahl
|
|
|
Batting: RHB Ted Trevino
|
0-0: Fly out, F8 (Flyball, 78M, EV 76.9 MPH)
|
|
Batting: RHB Lee Wenzel
|
0-0: Called Strike 0-1: Swinging Strike 0-2: Ball 1-2: Ground out 6-3 (Groundball, 6, EV 90.0 MPH)
|
|
Batting: RHB Vinny Jaramillo
|
0-0: Ground out U3 (Groundball, 34, EV 83.8 MPH)
|
| Bottom of the 10th over - 0 runs, 0 hits, 0 errors, 0 left on base; Reading 7 - Lynn 4 |
|